Map: Dash and Terminal LE (Void)

Players

wabbajack - Winner!

  • Race: Zerg Zerg
  • League: Gold

Skarsnick

  • Race: Terran Terran

VOD

Have the link to the VOD?

Description

Time

  • Played on: July 21, 2015, 12:48 p.m.
  • Length: 4:58
Show
View Real Time Build Order
Export as new Build Order

wabbajack Zerg - Winner!

Build Orders: Hatch First 

Get SALT Encoding   

  12  0:01  Drone  
  13  0:14  Overlord  
  13  0:17  Drone  
  14  0:24  Extractor  
  14  0:25  Drone  
  15  0:37  Drone x2  
  17  0:57  Hatchery  
  17  1:02  Drone x2  
  18  1:06  Extractor  
  18  1:11  Drone  
  18  1:24  Spawning Pool  
  17  1:25  Drone  
  17  1:30  Drone  
  19  1:47  Drone  
  20  2:11  Roach Warren, Queen  
  20  2:13  Queen  
  20  2:14  Drone  
  20  2:15  Drone x2  
  26  2:18  Drone  
  26  2:21  Drone  
  28  2:28  Overlord  
  28  2:36  Metabolic Boost  
  28  2:41  Overlord  
  32  2:58  Roach x3  
  32  3:04  Overlord  
  36  3:05  Roach  
  36  3:06  Roach  
  38  3:15  Overlord  
  40  3:20  Roach  
  40  3:31  Roach  
  40  3:32  Roach x2  
  46  3:42  Zergling x6  
  46  3:43  Zergling x2  
  50  3:56  Zergling x2  
  50  3:57  Zergling x8  
  50  4:00  Overlord  
  55  4:06  Zergling x8  
  59  4:37  Spine Crawler  
  59  4:38  Spine Crawler  
  57  4:40  Spine Crawler  
  57  4:41  Spine Crawler  
Show
View Real Time Build Order
Export as new Build Order

Skarsnick Terran 

Build Orders:  

Get SALT Encoding   

  12  0:01  SCV  
  13  0:19  Supply Depot  
  13  0:21  SCV  
  14  0:33  Supply Depot  
  14  0:37  SCV  
  15  0:51  Barracks  
  15  0:52  SCV  
  16  1:01  Refinery  
  16  1:11  SCV  
  17  1:24  SCV  
  18  1:39  Marine  
  19  1:42  Orbital Command  
  19  1:48  Barracks  
  19  1:52  Refinery  
  19  1:59  Marine  
  20  2:08  SCV  
  21  2:17  Barracks  
  21  2:34  Barracks Reactor  
  21  2:36  Barracks Tech Lab  
  21  2:44  Engineering Bay  
  21  2:51  Supply Depot  
  21  2:55  Supply Depot  
  21  2:58  Combat Shields  
  21  3:01  Marauder  
  23  3:08  Barracks Reactor  
  23  3:11  Reaper  
  24  3:18  Reaper  
  25  3:24  Marine  
  26  3:33  SCV  
  27  3:43  Reaper  
  27  3:45  SCV, Reaper  
  27  3:46  Reaper  
  27  3:47  Reaper  
  32  4:06  Factory  
  32  4:11  Command Center  
Tags
 
Add a new tag
Caveats
  • Supply blocks, unpowered buildings, or Contaminate may cause inaccurate times.
  • Supply counts are checked every 10 seconds.